 Dungeon Crawl Stone Soup version 0.25-a0-294-gea9b1ad378 (webtiles) character file.

Game seed: 8866457944324631836, levelgen mode: classic

60 Borgoz the Ruffian (level 4, 0/40 HPs)
             Began as a Ghoul Monk on Dec 17, 2019.
             Slain by a hobgoblin (5 damage)
             ... led by Robin
             ... on level 1 of the Dungeon.
             The game lasted 00:02:05 (1287 turns).

Borgoz the Ruffian (Ghoul Monk)                     Turns: 1287, Time: 00:02:06

Health: 0/40       AC:  3    Str: 14    XL:     4   Next: 4%
Magic:  3/3        EV: 13    Int:  5    God:
Gold:   136        SH:  0    Dex: 12    Spells: 3/3 levels left

rFire    . . .     SeeInvis .     - Unarmed
rCold    + . .     Gourm    .   (no shield)
rNeg     + + +     Faith    .   f - +0 leather armour
rPois    ∞         Spirit   .   (no helmet)
rElec    .         Reflect  .   (no cloak)
rCorr    .         Harm     .   (no gloves)
MR       .....                  (no boots)
Stlth    ++........             (no amulet)
HPRegen  0.00/turn              (no ring)
MPRegen  0.08/turn              (no ring)

@: rotting
A: rotting body, claws 1, carnivore, cold resistance 1, negative energy
resistance 3, inhibited regeneration, torment resistance, unbreathing
a: no special abilities


You were on level 1 of the Dungeon.
You were not hungry.

You visited 1 branch of the dungeon, and saw 2 of its levels.

You collected 136 gold pieces.

Inventory:

Armour
 f - a +0 leather armour (worn)
Scrolls
 a - 4 scrolls of remove curse {unknown}
 d - 2 scrolls of identify {unknown}
 e - a scroll of enchant weapon {unknown}
 g - a scroll of immolation {unknown}
 h - a scroll of teleportation {unknown}
 i - a scroll of fog {unknown}
 j - a scroll of noise {unknown}
Potions
 k - a potion of curing {unknown}
 l - a potion of heal wounds {unknown}
Comestibles
 b - 4 rations


   Skills:
 + Level 3.7 Fighting
 * Level 3.4 Dodging
 - Level 2.1 Stealth
 * Level 4.2 Unarmed Combat


You had 3 spell levels left.
You didn't know any spells.
Your spell library was empty.

Dungeon Overview and Level Annotations

Branches:
Dungeon (2/15)

Altars:

Annotations:
D:2 Robin


Innate Abilities, Weirdness & Mutations

Your body is rotting away.
You thrive on raw meat.
You are immune to poison.
You have sharp fingernails.
You are carnivorous and can eat meat at any time.
Your flesh is cold resistant. (rC+)
You are immune to negative energy. (rN+++)
You do not regenerate when monsters are visible.
You are immune to unholy pain and torment.
You can survive without breathing.


Message History

The goblin no longer looks unusually strong.
The goblin hits you but does no damage.
You climb upwards.
There is a stone staircase leading down here.
You are too injured to fight recklessly!
You are too injured to fight recklessly!
You are too injured to fight recklessly!
You closely miss the hobgoblin. The goblin hits you with a +0 dagger.
The hobgoblin barely misses you.
You scratch the goblin.
The goblin is severely wounded.
The goblin hits you with a +0 dagger.
* * * LOW HITPOINT WARNING * * *
The hobgoblin hits you.
* * * LOW HITPOINT WARNING * * *
You scratch the hobgoblin but do no damage.
The goblin hits you with a +0 dagger.
* * * LOW HITPOINT WARNING * * *
The hobgoblin hits you.
You die...

#.# ##### ##.# #.#
##############..# #.#
#...#.......)..## #.#
#.<.############ ##.########
#...########## ..........#
##'###.......# ##.######.#
####'###.......#
##......#.###..g.g.#.8.⌠.8.#
#######(#.##....@..'.......#
# #.#†##.......#.......# #
#.#.#..############### #
#.#.#.## ####.....#
#######.#.#.# #.##.##^.#
..........#.#### #.##.##.##
#######........#
#.##.##.######## #........#
#.##.##.#.......
#........###.........#..###


You could see a hobgoblin and a goblin.

Vanquished Creatures
  An adder (D:2)
  A dart slug (D:1)
  A leopard gecko (D:2)
  4 giant cockroaches
  9 goblins
  4 hobgoblins
  6 jackals (D:2)
  5 bats
  6 frilled lizards
  3 kobolds
  4 rats
44 creatures vanquished.

Notes
Turn   | Place    | Note
-------+----------+-------------------------------------------
     0 | D:1      | Borgoz the Ghoul Monk began the quest for the Orb.
     0 | D:1      | Reached XP level 1. HP: 19/19 MP: 0/0
   247 | D:1      | Reached XP level 2. HP: 26/26 MP: 1/1
   639 | D:1      | Reached XP level 3. HP: 30/31 MP: 2/2
   853 | D:2      | Reached skill level 4 in Unarmed Combat
  1260 | D:2      | Noticed Robin
  1264 | D:2      | Reached XP level 4. HP: 40/40 MP: 3/3
  1287 | D:1      | Slain by a hobgoblin

Levels and vault maps discovered:
D:1:      dpeg_arrival_simpleton_b, layout_loops_ring, minmay_box_of_dots
D:2:      layout_loops_ring, first_ration, uniq_robin

Skill      XL: |  1  2  3 |
---------------+----------+-----
Dodging        | 3 |  3.4
Unarmed Combat | 4 |  4.2
Fighting       | |  3.7
Stealth        | |  2.1

Action                   |  1- 3 |  4- 6 || total
-------------------------+-------+-------++-------
Melee: Unarmed           |   141 |    11 ||   152
       Punch             |     3 |       ||     3
 Stab: Sleeping          |     4 |       ||     4
  Eat: Chunk             |     3 |     3 ||     6
Armor: Robe              |     5 |       ||     5
       Leather armour    |    17 |     3 ||    20
Dodge: Dodged            |    89 |    15 ||   104

Table legend:
 A = Non-vault XP
 B = Vault XP
 C = Vault XP percentage of total XP
 D = Non-vault monster count
 E = Vault monster count
 F = Vault count percentage of total count
                 A         B        C        D         E       F
            +---------+---------+-------+---------+---------+-------
      Total |      75 |      11 |  12.8 |      37 |       7 |  15.9
            +---------+---------+-------+---------+---------+-------
        D:1 |      33 |       3 |   8.3 |      18 |       3 |  14.3
        D:2 |      42 |       8 |  16.0 |      19 |       4 |  17.4
            +---------+---------+-------+---------+---------+-------
